 Dungeon Crawl Stone Soup version 0.30.1-4-g462c640d31 (webtiles) character file.

Game seed: 11457394651894706624

345 safid the Chiller (level 6, -5/48 HPs)
             Began as a Merfolk Ice Elementalist on Sept 7, 2023.
             Slain by a wight
             ... wielding a +0 great sword
              (6 damage)
             ... on level 7 of the Dungeon.
             The game lasted 00:04:19 (2407 turns).

safid the Chiller (Merfolk Ice Elementalist)        Turns: 2407, Time: 00:04:19

Health: -5/48      AC:  5    Str: 20    XL:     6   Next: 58%
Magic:  0/11       EV: 12    Int: 16    God:
Gold:   122        SH:  0    Dex: 15    Spells: 5/12 levels left

rFire   . . .        c - +0 war axe
rCold   . . .        (no shield)
rNeg    . . .        a - +0 robe
rPois   .            (no helmet)
rElec   .            f - +0 cloak
rCorr   .            d - +0 pair of gloves
SInv    .            t - +0 pair of boots
Will    .....        p - amulet of guardian spirit
Stlth   ++           g - +6 ring of strength
HPRegen 0.28/turn    s - +6 ring of strength
MPRegen 0.12/turn

%: guardian spirit
@: freezing walls
A: (nimble swimmer 2), mertail
a: no special abilities


You were on level 7 of the Dungeon.
You visited 1 branch of the dungeon, and saw 5 of its levels.

You collected 172 gold pieces.
You spent 50 gold pieces at shops.

Inventory:

Hand Weapons
 c - a +0 war axe (weapon)
Armour
 a - a +0 robe (worn)
 d - a +0 pair of gloves (worn)
 f - a +0 cloak (worn)
 t - a +0 pair of boots (worn)
Jewellery
 g - a +6 ring of strength (left hand)
 p - an amulet of guardian spirit (around neck)
 s - a +6 ring of strength (right hand)
Wands
 o - a wand of iceblast (9)
Scrolls
 e - a scroll of immolation {unknown}
 h - a scroll of identify
 j - a scroll of silence {unknown}
 k - 3 scrolls of blinking {unknown}
 l - a scroll of poison {unknown}
 q - a scroll of vulnerability {unknown}
Potions
 b - a potion of heal wounds {unknown}
 i - a potion of cancellation
 n - a potion of attraction {unknown}
 r - 2 potions of curing


   Skills:
 + Level 3.8 Fighting
 - Level 2.6 Dodging
 - Level 2.1 Stealth
 + Level 3.9 Spellcasting
 + Level 6.0 Ice Magic


You had 5 spell levels left.
You knew the following spells:

 Your Spells              Type           Power      Damage    Failure   Level
a - Freeze                Ice            88%        1d9       1%          1
b - Frozen Ramparts       Ice            44%        1d7       4%          3
c - Ozocubu's Armour      Ice            22%        N/A       4%          3

Your spell library contained the following spells:

 Spells                   Type           Power      Damage    Failure   Level
 Shock                    Conj/Air       12%        1d3       17%         1
 Swiftness                Air            3%         N/A       45%         3
 Summon Ice Beast         Ice/Summ       12%        N/A       45%         4
 Airstrike                Air            1%         2d(1-17)  86%         4
 Malign Gateway           Summ/Tloc      1%         N/A       100%        7
 Monstrous Menagerie      Summ           1%         N/A       100%        7


Dungeon Overview and Level Annotations

Branches:
Dungeon (4/15)             Temple (0/1) D:4

Altars:

Shops:
D:1 [!(?*


Innate Abilities, Weirdness & Mutations

((You are very nimble when in or above water. (Stealth+, EV+, Speed+++)))
Your lower body shifts to a powerful aquatic tail in water.


Message History

You slash the wight! Your punch misses the wight.
The wight is severely damaged.
The wight hits you with a +0 falchion.
* * * LOW HITPOINT WARNING * * *
A wight comes into view. It is wielding a +0 great sword.
The wight barely misses you.
Unknown command.
You hit the wight but do no damage.
The wight is severely damaged.
The wight barely misses you.
Unknown command.
Casting: Frozen Ramparts (dangerous; 4% risk of failure)
Confirm with . or Enter, or press ? or * to list all spells.
Casting: Frozen Ramparts (dangerous; 4% risk of failure)
Press: ? - help, Dir - look around, f - activate The walls around you are covered in ice.
The wight completely resists.
The wall freezes the wight but does no damage.
The wight misses you.
The wall freezes the orc. x2
You kill the orc!
You slash the wight!
You destroy the wight!
The wall freezes the orc.
You kill the orc!
The wall freezes the wight but does no damage. x2
Your life force feels restored.
Your Ice Magic skill increases to level 6!
You closely miss the wight.
The wight completely resists.
The wall freezes the wight but does no damage.
The wight closely misses you.
Unknown command.
You slash the wight!
The wight is severely damaged.
The wall freezes the wight but does no damage.
The wight hits you with a +0 great sword!
* * * LOW HITPOINT WARNING * * *
The wight completely resists.
The wall freezes the wight but does no damage.
The wight hits you with a +0 great sword.
You die...

# #..#.# #.
#o.#o# #.###..#.#
#.....z#.#
.#........#
...##.....#
.........#
#####.#.#######.#
#..))z@.....#
###.######### #.#
#.# #.######
#......# #.####.#
##### #.####.##
.....##........


You could see a wight.

Vanquished Creatures
  A bullfrog (D:7)
  A wight (D:7)
  2 hounds
  Jessica (D:3)
  An iguana (D:4)
  3 gnolls (D:4)
  2 adders
  An ufetubus (D:7)
  A worm (D:2)
  2 dart slugs (D:3)
  9 orcs
  4 bats
  3 endoplasms
  3 giant cockroaches
  2 goblins
  5 hobgoblins
  A quokka (D:3)
  5 ball pythons
  2 frilled lizards (D:2)
  8 kobolds
  7 rats
64 creatures vanquished.

Notes
Turn   | Place    | Note
-------+----------+-------------------------------------------
     0 | D:1      | safid the Merfolk Ice Elementalist began the quest for the
                  | Orb.
     0 | D:1      | Reached XP level 1. HP: 13/13 MP: 3/3
   226 | D:1      | Reached XP level 2. HP: 12/20 MP: 5/5
   287 | D:1      | Found Bimeg's Distillery.
   293 | D:1      | Bought a potion of degeneration for 14 gold pieces
   350 | D:1      | Reached skill level 1 in Fighting
   450 | D:1      | Found Uzafofos's Antique Weapon Shop.
   494 | D:1      | Found Furiabu's Magic Scroll Shoppe.
   501 | D:1      | Bought a scroll of identify for 24 gold pieces
   541 | D:1      | Bought a scroll of noise for 12 gold pieces
   616 | D:1      | Found Uxoef's Assorted Antiques.
   723 | D:1      | Found Nyxun's Antique Armour Boutique.
   924 | D:2      | Reached XP level 3. HP: 26/26 MP: 6/6
  1125 | D:2      | Got Sif Muna's Omnibus of Syndicalism
  1424 | D:3      | Noticed Jessica
  1433 | D:3      | Killed Jessica
  1434 | D:3      | Reached skill level 5 in Ice Magic
  1434 | D:3      | Reached XP level 4. HP: 28/33 MP: 6/8
  1439 | D:3      | Learned a level 3 spell: Frozen Ramparts
  1443 | D:3      | Learned a level 3 spell: Ozocubu's Armour
  1463 | D:3      | Found a faded altar of an unknown god.
  1955 | D:3      | Reached XP level 5. HP: 39/39 MP: 9/9
  2364 | D:4      | Found a staircase to the Ecumenical Temple.
  2365 | D:4      | You fall into a shaft and drop 3 floors!
  2371 | D:7      | Reached XP level 6. HP: 47/47 MP: 11/11
  2406 | D:7      | Reached skill level 6 in Ice Magic
  2407 | D:7      | HP: 1/48 [wight/+0 great sword (13)]
  2407 | D:7      | Slain by a wight

Illustrated notes

Levels and vault maps discovered:
D:1:      evilmike_arrival_home_sweet_home, layout_basic, serial_shops, shop,
          shop, nicolae_lakefront_shop, nicolae_shop_tiny_glass,
          nicolae_shop_industrial_runoff, minmay_tetromino_l4
D:2:      layout_loops_cross, minmay_misc_feat_x
D:3:      layout_loops_ring, hellmonk_ecumenical_altar_lost_god, uniq_jessica
D:4:      minmay_skewed_foursquare, layout_cave_pools,
          minmay_temple_entry_wispy, serial_glass, glass_columns_a,
          glass_columns_c
D:7:      due_chaos_kobolds, layout_loops_corners, kb_rosetta

Skill      XL: |  1  2  3  4  5  6 |
---------------+-------------------+-----
Fighting       | 1 2 3 |  3.8
Ice Magic      | 5 6 |  6.0
Spellcasting   | 3 |  3.9
Dodging        | |  2.6
Stealth        | |  2.1

Action                     |  1- 3 |  4- 6 || total
---------------------------+-------+-------++-------
  Melee: War axe           |    76 |    72 ||   148
   Cast: Freeze            |       |     1 ||     1
         Frozen Ramparts   |       |     3 ||     3
    Use: Potion            |       |     4 ||     4
   Stab: Sleeping          |     5 |     4 ||     9
 Armour: Robe              |    29 |    30 ||    59
  Dodge: Dodged            |    58 |    71 ||   129
